cohdb
Replays
Latest Replays
All Replays
Popular Replays
Top Player Replays
Match Explorer
How It Works
Community
CoH3 Stats
Reddit
Sign in to upload your games and track your stats! →
Sign in with Steam
Match 46605731
Unlisted
Match 46605731
Overview
Messages
Build Orders
End
Construct Infanterie Kompanie
Pioneer Squad
MG 42 Machine Gun Team
Grenadier Squad
Grenadier Squad
Construct Panzergrenadier Kompanie
Selects Breakthrough Battlegroup
Selects Rapid Production
251 Medium Carrier
Panzergrenadier Squad
Lardt
Genry
Bego
aSIIDemolitionHammer
0
0
Comments
sign in to comment!
No comments posted yet!